 Dungeon Crawl Stone Soup version 0.26.1-11-gd32895ea62 (webtiles) character file.

Game seed: 13562808047598632192

217 infcreate the Purveyor of Pain (level 5, -10/29 HPs)
             Began as a Vampire Necromancer on July 17, 2021.
             Was an Initiate of Kikubaaqudgha.
             Shot with an arrow by a centaur (11 damage)
             ... on level 5 of the Dungeon.
             The game lasted 00:14:01 (4179 turns).

infcreate the Purveyor of Pain (VpNe)               Turns: 4179, Time: 00:14:02

Health: -10/29     AC:  5    Str:  7    XL:     5   Next: 61%
Magic:  8/8        EV: 14    Int: 17    God:    Kikubaaqudgha [......]
Gold:   151        SH:  0    Dex: 16    Spells: 4/9 levels left

rFire    . . .     SeeInvis +   s - +2 dagger (elec)
rCold    + + .     Faith    .   (no shield)
rNeg     + + +     Spirit   .   a - +0 robe
rPois    ∞         Reflect  .   (no helmet)
rElec    .         Harm     .   (no cloak)
rCorr    .         Rampage  .   (no gloves)
Will     .....                  p - +2 pair of boots
Stlth    +++++.....             (no amulet)
HPRegen  0.00/turn              (no ring)
MPRegen  0.11/turn              (no ring)

@: bloodless
A: fangs 3, see invisible, unbreathing
a: Bat Form, Revivify, Renounce Religion


You were on level 5 of the Dungeon.
You worshipped Kikubaaqudgha.
Kikubaaqudgha was noncommittal.
You visited 2 branches of the dungeon, and saw 6 of its levels.

You collected 151 gold pieces.


Innate Abilities, Weirdness & Mutations

You do not regenerate when monsters are visible.
You are frail without blood (-20% HP).
You can heal yourself when you bite living creatures.
You are immune to poison.
You have razor-sharp teeth.
You have supernaturally acute eyesight. (SInv)
You can survive without breathing.


   Skills:
 + Level 1.3 Fighting
 + Level 1.4 Short Blades
 * Level 3.5 Dodging
 * Level 5.2 Stealth
 + Level 2.5 Spellcasting
 * Level 5.3 Necromancy


You had 4 spell levels left.
You knew the following spells:

 Your Spells              Type           Power        Failure   Level
a - Animate Skeleton      Necr           40%          1%          1
p - Pain                  Necr           80%          1%          1
v - Vampiric Draining     Necr           10%          6%          3

Your spell library contained the following spells:

 Spells                   Type           Power        Failure   Level
 Animate Dead             Necr           10%          21%         4
 Agony                    Necr           20%          50%         5

Inventory:

Hand Weapons
 s - a +2 dagger of electrocution (weapon)
Armour
 a - a +0 robe (worn)
 p - a +2 pair of boots (worn)
Scrolls
 b - 5 scrolls of identify {@r1}
 c - 3 scrolls of teleportation {@r4}
 d - 2 scrolls of magic mapping
 e - 2 scrolls of fear {unknown}
 g - a scroll of enchant armour {unknown}
 i - 4 scrolls of remove curse {@r2}
 l - a scroll of random uselessness {unknown}
 m - a scroll of amnesia {unknown}
 n - a scroll of blinking {unknown}
 t - a scroll of immolation {unknown}
Potions
 f - 5 potions of flight
 h - 3 potions of lignification {unknown}
 j - 3 potions of heal wounds {unknown}
 k - 2 potions of curing {unknown}
 o - a potion of brilliance {unknown}
 q - a potion of resistance {unknown}
 r - a potion of berserk rage {unknown}

Dungeon Overview and Level Annotations

Branches:
Dungeon (5/15)             Temple (1/1) D:4

Altars:
Cheibriados
Fedhas
Gozag
Hepliaklqana
Kikubaaqudgha
Okawaru
Qazlal
Ru
Sif Muna
Trog
Uskayaw
Vehumet
Wu Jian
Xom
Yredelemnul
Zin
The Shining One

Shops:
D:4 !

Annotations:
D:5 Edmund, Ijyb

.....!# ......# ......#
######### ......###. ###
#.......# ..........##.#
#.#####.# .......
#....#.#.# #.####
........#..#.#.#<#####....#
....................>####.#
####... #...###@########.#
.. ##...†..(........#
#..###(########## ##.###(#
.####..##(# .........cc#
...........# ...........#
...........#


You could see 2 centaurs.


Message History

A giant cockroach comes into view.
The giant cockroach writhes in agony.
The giant cockroach writhes in agony.
The giant cockroach writhes in agony.
You kill the giant cockroach!
Kikubaaqudgha accepts your kill.
You start resting.
Magic restored.
A centaur comes into view.
The centaur shouts! x2
The centaur wields a +0 shortbow.
The centaur shoots an arrow.
The arrow hits you. The centaur hits you. x2
The centaur shoots an arrow.
The arrow closely misses you.
The centaur wields a +0 shortbow of freezing.
It is covered in frost.
The centaur shoots an arrow.
The arrow hits you.
You see here an arrow.
The centaur shoots an arrow.
The arrow closely misses you.
You see here 2 arrows.
The centaur shoots an arrow.
The arrow hits you!
* * * LOW HITPOINT WARNING * * *
You see here an arrow.
The centaur shoots an arrow.
The arrow hits you!
* * * LOW HITPOINT WARNING * * *
You see here an arrow.
The centaur shoots an arrow.
The arrow hits you.
* * * LOW HITPOINT WARNING * * *
The centaur shoots an arrow.
The arrow hits you!
You die...
Kikubaaqudgha rasps: "You have failed me!
Welcome... oblivion!"

Skill      XL: |  1  2  3  4  5 |
---------------+----------------+-----
Stealth        | 4 5 |  5.2
Dodging        | 3 |  3.5
Necromancy     | 5 |  5.3
Short Blades   | 1 |  1.4
Fighting       | 1 |  1.3
Spellcasting   | |  2.5

Action                   |  1- 3 |  4- 6 || total
-------------------------+-------+-------++-------
Melee: Dagger            |    19 |    44 ||    63
       Bite              |       |     4 ||     4
 Cast: Pain              |    48 |    41 ||    89
 Abil: Exsanguinate      |     1 |       ||     1
  Use: Scroll            |     3 |     1 ||     4
 Stab: Sleeping          |    17 |     4 ||    21
Armor: Robe              |     3 |    16 ||    19
Dodge: Dodged            |    11 |    34 ||    45

Levels and vault maps discovered:
D:1:      dpeg_arrival_morbid_curiosity, layout_basic, amethyst_killhole
D:2:      layout_basic, serial_forest, infiniplex_forest_clump_medium,
          infiniplex_forest_straight_2, infiniplex_forest_straight_3,
          infiniplex_forest_clump_small, infiniplex_forest_lined_1
D:3:      layout_basic, nicolae_ru_path_of_blood
D:4:      layout_basic, kennysheep_little_box, minmay_temple_entry_trees,
          serial_shops, shop, serial_park_tiny_2, minmay_misc_feat_plants
D:5:      layout_basic, amcnicky_mini_pool_small, uniq_edmund, uniq_ijyb
Temple:   regret_index_temple_sphere_string

Notes
Turn   | Place    | Note
-------+----------+-------------------------------------------
     0 | D:1      | infcreate the Vampire Necromancer began the quest for the
                  | Orb.
     0 | D:1      | Reached XP level 1. HP: 13/13 MP: 3/3
   681 | D:1      | Reached XP level 2. HP: 15/15 MP: 5/5
   739 | D:1      | You fall into a shaft and drop 1 floor!
  1065 | D:1      | Learned a level 1 spell: Animate Skeleton
  1230 | D:1      | Reached XP level 3. HP: 19/20 MP: 4/6
  1921 | D:2      | Learned a level 3 spell: Vampiric Draining
  2027 | D:3      | Reached skill level 4 in Stealth
  2236 | D:3      | Reached XP level 4. HP: 24/24 MP: 0/7
  2424 | D:3      | Reached skill level 3 in Dodging
  2472 | D:3      | Reached skill level 5 in Necromancy
  2582 | D:3      | Reached skill level 1 in Short Blades
  2585 | D:3      | Reached skill level 1 in Fighting
  2813 | D:3      | Found a sacrificial altar of Ru.
  3037 | D:4      | Found Uthoisuru's Distillery.
  3242 | D:4      | Found a staircase to the Ecumenical Temple.
  3249 | Temple   | Entered the Ecumenical Temple
  3338 | Temple   | Became a worshipper of Kikubaaqudgha
  3588 | D:4      | Found an iron altar of Okawaru.
  3803 | D:5      | Entered Level 5 of the Dungeon
  3835 | D:5      | Reached XP level 5. HP: 29/29 MP: 8/8
  3850 | D:5      | Noticed Ijyb
  3868 | D:5      | Noticed a phantom
  3884 | D:5      | Noticed Edmund
  3884 | D:5      | Noticed a troll
  3930 | D:5      | Reached skill level 5 in Stealth
  4137 | D:5      | Noticed a centaur
  4172 | D:5      | Noticed a centaur
  4179 | D:5      | HP: 1/29 [centaur/arrow (3)]
  4179 | D:5      | Shot with an arrow by a centaur

Vanquished Creatures
  A scorpion (D:5)
  A worker ant (D:5)
  6 adders
  A white imp (D:5)
  An ooze (D:4)
  An adder skeleton (D:4)
  3 worms (D:3)
  A dart slug (D:3)
  2 leopard geckos
  5 orcs (D:3)
  4 giant cockroaches
  11 goblins
  3 hobgoblins (D:1)
  3 jackals (D:4)
  A quokka (D:3)
  6 bats
  A frilled lizard (D:1)
  7 kobolds
  6 rats
64 creatures vanquished.

Vanquished Creatures (others)
  A plant (D:2)
1 creature vanquished.

Grand Total: 65 creatures vanquished

Table legend: (Time is in decaauts)
 A = Elapsed time spent in this place.
 B = Non-inter-level travel time spent in this place.
 C = Inter-level travel time spent in this place.
 D = Time resting spent in this place.
 E = Time spent auto-exploring this place.
 F = Levels seen in this place.
 G = Mean time per level.
                   A        B        C        D        E       F      G
               +--------+--------+--------+--------+--------+-----+--------+
         Total |   4174 |   3605 |    569 |    922 |      0 |   6 |  695.7 |
       Dungeon |   4059 |   3514 |    545 |    922 |      0 |   5 |  811.8 |
        Temple |    114 |     90 |     24 |      0 |      0 |   1 |  114.0 |
               +--------+--------+--------+--------+--------+-----+--------+

Top non-repeatable levels by time:
     D:1: 1169 daAuts
     D:3: 1079 daAuts
     D:2: 763 daAuts
     D:4: 727 daAuts
     D:5: 319 daAuts
  Temple: 114 daAuts

Table legend:
 A = Non-vault XP
 B = Vault XP
 C = Vault XP percentage of total XP
 D = Non-vault monster count
 E = Vault monster count
 F = Vault count percentage of total count
                 A         B        C        D         E       F
            +---------+---------+-------+---------+---------+-------
      Total |     301 |       9 |   2.9 |      59 |       5 |   7.8
            +---------+---------+-------+---------+---------+-------
        D:1 |      34 |       9 |  20.9 |      21 |       5 |  19.2
        D:2 |      10 |       0 |   0.0 |       5 |       0 |   0.0
        D:3 |      88 |       0 |   0.0 |      21 |       0 |   0.0
        D:4 |      18 |       0 |   0.0 |       5 |       0 |   0.0
        D:5 |     151 |       0 |   0.0 |       7 |       0 |   0.0
            +---------+---------+-------+---------+---------+-------
